BR (22 & UNDER)
PUEBLO PRAIRIE DOGS @ ATLANTIC CITY WAR DOGS
09/13/2028
 
TOP OF THE 1ST
Pueblo Prairie Dogs batting - Pitching for Atlantic City War Dogs : RHP Tim Hernández
Pitching: RHP Tim Hernández
Batting: LHB Jason King 0-0: SINGLE (Groundball, 13S) (infield hit)
Batting: RHB John Newman 0-0: Called Strike
Jason King steals 2nd base
0-1: Ball
1-1: Hit by Pitch
Batting: RHB Clancy Castro 0-0: Called Strike
0-1: Grounds into double play, 5-4-3 (Groundball, 5)
Jason King to third
Batting: RHB José Zumaya 0-0: Ball
1-0: DOUBLE (Flyball, 7D)
Jason King scores
Batting: RHB David Adams 0-0: Called Strike
0-1: Foul Ball, location: 2F
0-2: Strikes out swinging, 2-3 out at first.
Top of the 1st over - 1 run(s), 2 hit(s), 0 error(s), 1 left on base; Pueblo 1 - Atlantic City 0
BOTTOM OF THE 1ST
Atlantic City War Dogs batting - Pitching for Pueblo Prairie Dogs : RHP Cristo Balderas
Pitching: RHP Cristo Balderas
Batting: RHB Armando Vega 0-0: Called Strike
0-1: Foul Ball, location: 2F
0-2: Ball
1-2: Foul Ball, location: 2F
1-2: SINGLE (Line Drive, 8RS)
Batting: RHB Don Jackson 0-0: Called Strike
0-1: Swinging Strike
0-2: Ball
1-2: Ball
2-2: Foul Ball, location: 2F
2-2: Foul Ball, location: 2F
2-2: Reached on error, E1 (Groundball, 15S)
Armando Vega to second
Batting: LHB Trey Fitzpatrick 0-0: Called Strike
0-1: Fielders Choice at 2nd, 3-6 (Groundball, 34)
Armando Vega to third
Batting: LHB Robert Mann 0-0: Ball
1-0: Ball
Trey Fitzpatrick is caught stealing 2nd base
2-0: SINGLE (Groundball, 4MD)
Armando Vega scores
Batting: SHB Luis Días 0-0: Ball
1-0: Called Strike
1-1: Swinging Strike
1-2: Strikes out looking
Bottom of the 1st over - 1 run(s), 2 hit(s), 1 error(s), 1 left on base; Pueblo 1 - Atlantic City 1
TOP OF THE 2ND
Pueblo Prairie Dogs batting - Pitching for Atlantic City War Dogs : RHP Tim Hernández
Batting: RHB Manny Herrera 0-0: Fly out, F4 (Line Drive, 4)
Batting: RHB Jared Williamson 0-0: Swinging Strike
0-1: Ball
1-1: Foul Ball, location: 2F
1-2: Ball
2-2: Ball
3-2: Strikes out looking
Batting: RHB Shigekazu Kaneko 0-0: Ball
1-0: Ball
2-0: Ball
3-0: Called Strike
3-1: Base on Balls
Batting: LHB Peter Rodgers 0-0: Called Strike
0-1: Fielders Choice at 2nd, 4-6 (Groundball, 34D)
Top of the 2nd over - 0 run(s), 0 hit(s), 0 error(s), 0 left on base; Pueblo 1 - Atlantic City 1
BOTTOM OF THE 2ND
Atlantic City War Dogs batting - Pitching for Pueblo Prairie Dogs : RHP Cristo Balderas
Batting: RHB Pancho Valdés 0-0: Called Strike
0-1: Ball
1-1: Ball
2-1: Ball
3-1: Foul Ball, location: 2F
3-2: Strikes out swinging
Batting: LHB Patrick Ferguson 0-0: Ball
1-0: Fly out, F7 (Flyball, 7)
Batting: RHB Kevin Robinson 0-0: Ball
1-0: Swinging Strike
1-1: Ground out 6-3 (Groundball, 6D)
Bottom of the 2nd over - 0 run(s), 0 hit(s), 0 error(s), 0 left on base; Pueblo 1 - Atlantic City 1
TOP OF THE 3RD
Pueblo Prairie Dogs batting - Pitching for Atlantic City War Dogs : RHP Tim Hernández
Batting: LHB Jason King 0-0: Called Strike
0-1: Called Strike
0-2: Ball
1-2: Fly out, F9 (Line Drive, 9)
Batting: RHB John Newman 0-0: Ground out 6-3 (Groundball, 6)
Batting: RHB Clancy Castro 0-0: Ball
1-0: Fly out, F8 (Flyball, 8RM)
Top of the 3rd over - 0 run(s), 0 hit(s), 0 error(s), 0 left on base; Pueblo 1 - Atlantic City 1
BOTTOM OF THE 3RD
Atlantic City War Dogs batting - Pitching for Pueblo Prairie Dogs : RHP Cristo Balderas
Batting: RHB Christian Porter 0-0: Called Strike
0-1: Ball
1-1: Foul Ball, location: 2F
1-2: Fly out, F8 (Flyball, 8LM)
Batting: RHB Armando Vega 0-0: Called Strike
0-1: SINGLE (Line Drive, 7S)
Batting: RHB Don Jackson 0-0: Called Strike
0-1: Ball
1-1: Called Strike
1-2: Fly out, F7 (Flyball, 7)
Batting: LHB Trey Fitzpatrick 0-0: Ball
1-0: Foul Ball, location: 2F
1-1: Ball
2-1: Foul Ball, location: 2F
2-2: Fly out, F7 (Flyball, 78D)
Bottom of the 3rd over - 0 run(s), 1 hit(s), 0 error(s), 1 left on base; Pueblo 1 - Atlantic City 1
TOP OF THE 4TH
Pueblo Prairie Dogs batting - Pitching for Atlantic City War Dogs : RHP Tim Hernández
Batting: RHB José Zumaya 0-0: Ball
1-0: Ball
2-0: Foul Ball, location: 2F
2-1: Ground out 5-3 (Groundball, 56S)
Batting: RHB David Adams 0-0: Swinging Strike
0-1: Ball
1-1: Ball
2-1: Foul Ball, location: 2F
2-2: Foul Ball, location: 2F
2-2: Fly out, F9 (Flyball, 9LM)
Batting: RHB Manny Herrera 0-0: Ground out U3 (Groundball, 3)
Top of the 4th over - 0 run(s), 0 hit(s), 0 error(s), 0 left on base; Pueblo 1 - Atlantic City 1
BOTTOM OF THE 4TH
Atlantic City War Dogs batting - Pitching for Pueblo Prairie Dogs : RHP Cristo Balderas
Batting: LHB Robert Mann 0-0: Ball
1-0: Fly out, F7 (Flyball, 7LS)
Batting: SHB Luis Días 0-0: SINGLE (Groundball, 6S) (infield hit)
Batting: RHB Pancho Valdés 0-0: Ball
1-0: Foul Ball, location: 2F
1-1: Ball
2-1: Fly out, F7 (Line Drive, 78M)
Now in LF: Bartholomeu Marrafa
Batting: LHB Patrick Ferguson 0-0: DOUBLE (Line Drive, 8RD)
Luis Días to third
Luis Días scores
Batting: RHB Kevin Robinson 0-0: Swinging Strike
0-1: Ball
1-1: Ball
2-1: Swinging Strike
2-2: Foul Ball, location: 2F
2-2: Fly out, F6 (Popup, 6D)
Bottom of the 4th over - 1 run(s), 2 hit(s), 0 error(s), 1 left on base; Pueblo 1 - Atlantic City 2
TOP OF THE 5TH
Pueblo Prairie Dogs batting - Pitching for Atlantic City War Dogs : RHP Tim Hernández
Batting: RHB Jared Williamson 0-0: Ball
1-0: Foul Ball, location: 2F
1-1: Ground out 5-3 (Groundball, 56S)
Batting: RHB Shigekazu Kaneko 0-0: Foul Ball, location: 2F
0-1: Swinging Strike
0-2: Ball
1-2: Ball
2-2: Ball
3-2: Strikes out looking
Batting: LHB Bartholomeu Marrafa 0-0: Called Strike
0-1: Foul Ball, location: 2F
0-2: Strikes out swinging
Top of the 5th over - 0 run(s), 0 hit(s), 0 error(s), 0 left on base; Pueblo 1 - Atlantic City 2
BOTTOM OF THE 5TH
Atlantic City War Dogs batting - Pitching for Pueblo Prairie Dogs : RHP Cristo Balderas
Batting: RHB Christian Porter 0-0: Ground out 6-3 (Groundball, 6)
Batting: RHB Armando Vega 0-0: Ball
1-0: Swinging Strike
1-1: Ball
2-1: Ground out 5-3 (Groundball, 56)
Batting: RHB Don Jackson 0-0: Called Strike
0-1: Swinging Strike
0-2: Ground out 6-3 (Groundball, 6)
Bottom of the 5th over - 0 run(s), 0 hit(s), 0 error(s), 0 left on base; Pueblo 1 - Atlantic City 2
TOP OF THE 6TH
Pueblo Prairie Dogs batting - Pitching for Atlantic City War Dogs : RHP Tim Hernández
Batting: LHB Jason King 0-0: Ball
1-0: Swinging Strike
1-1: Ball
2-1: Swinging Strike
2-2: Foul Ball, location: 2F
2-2: Strikes out swinging
Batting: RHB John Newman 0-0: Called Strike
0-1: Ball
1-1: Swinging Strike
1-2: Strikes out swinging
Batting: RHB Clancy Castro 0-0: Called Strike
0-1: Ball
1-1: Ball
2-1: SINGLE (Groundball, 4MD)
Batting: RHB José Zumaya 0-0: Foul Ball, location: 2F
0-1: Called Strike
0-2: Ball
1-2: Ground out 5-3 (Groundball, 25)
Top of the 6th over - 0 run(s), 1 hit(s), 0 error(s), 1 left on base; Pueblo 1 - Atlantic City 2
BOTTOM OF THE 6TH
Atlantic City War Dogs batting - Pitching for Pueblo Prairie Dogs : RHP Cristo Balderas
Batting: LHB Trey Fitzpatrick 0-0: Foul Ball, location: 2F
0-1: Foul Ball, location: 2F
0-2: Ball
1-2: Ball
2-2: Ball
3-2: Foul Ball, location: 2F
3-2: Foul Ball, location: 2F
3-2: Foul Ball, location: 2F
3-2: Foul Ball, location: 2F
3-2: SINGLE (Line Drive, 8RS)
Batting: LHB Robert Mann 0-0: Fly out, F7 (Flyball, 7S)
Pitching: RHP Mike Green
Batting: SHB Luis Días 0-0: Ball
1-0: Called Strike
Trey Fitzpatrick is caught stealing 2nd base
1-1: Ball
2-1: Foul Ball, location: 2F
2-2: Foul Ball, location: 2F
2-2: SINGLE (Line Drive, 8LS)
Batting: RHB Pancho Valdés 0-0: Ball
1-0: Ball
2-0: Ball
3-0: Base on Balls
Luis Días to second
Batting: LHB Patrick Ferguson 0-0: Called Strike
0-1: Ball
1-1: Swinging Strike
1-2: Ball
2-2: Fly out, F7 (Flyball, 7LS)
Bottom of the 6th over - 0 run(s), 2 hit(s), 0 error(s), 2 left on base; Pueblo 1 - Atlantic City 2
TOP OF THE 7TH
Pueblo Prairie Dogs batting - Pitching for Atlantic City War Dogs : RHP Tim Hernández
Batting: RHB David Adams 0-0: Ball
1-0: SOLO HOME RUN (Flyball, 78XD), Distance : 412 ft
Batting: RHB Manny Herrera 0-0: Foul Ball, location: 2F
0-1: Ball
1-1: Foul Ball, location: 2F
1-2: Strikes out swinging
Batting: RHB Jared Williamson 0-0: Ball
1-0: Ball
2-0: Ball
3-0: Called Strike
3-1: Base on Balls
Pitching: LHP Mauro Muñíz
Pinch Runner at 1st Ánibal Barrios:
Batting: RHB Shigekazu Kaneko 0-0: Reached on error, E7 (Flyball, 78D)
Ánibal Barrios to third
Pinch Hitting: RHB Carlos Villagrama 0-0: Intentional Walk
Pinch Hitting: SHB Pancho Morán 0-0: Ball
1-0: Foul Ball, location: 2F
1-1: Called Strike
1-2: Strikes out swinging
Batting: RHB John Newman 0-0: Ball
1-0: Swinging Strike
1-1: Called Strike
1-2: Strikes out swinging
Top of the 7th over - 1 run(s), 1 hit(s), 1 error(s), 3 left on base; Pueblo 2 - Atlantic City 2
BOTTOM OF THE 7TH
Atlantic City War Dogs batting - Pitching for Pueblo Prairie Dogs : RHP Mike Green
Now at SS: Pancho Morán
Now in LF: Hunter Bond
Batting: RHB Kevin Robinson 0-0: Called Strike
0-1: Swinging Strike
0-2: Foul Ball, location: 2F
0-2: Ball
1-2: Ball
2-2: Ball
3-2: Foul Ball, location: 2F
3-2: Strikes out swinging
Pinch Hitting: LHB Carlos Hernández 0-0: Ball
1-0: Swinging Strike
1-1: Foul Ball, location: 2F
1-2: Foul Ball, location: 2F
1-2: Foul Ball, location: 2F
1-2: Foul Ball, location: 2F
1-2: Foul Ball, location: 2F
1-2: Ball
2-2: Ball
3-2: Fly out, F7 (Flyball, 7LSF)
Batting: RHB Armando Vega 0-0: Fly out, F8 (Flyball, 8RS)
Bottom of the 7th over - 0 run(s), 0 hit(s), 0 error(s), 0 left on base; Pueblo 2 - Atlantic City 2
TOP OF THE 8TH
Pueblo Prairie Dogs batting - Pitching for Atlantic City War Dogs : LHP Mauro Muñíz
Now in LF: Carlos Hernández
Batting: RHB Clancy Castro 0-0: Ball
1-0: Fly out, F7 (Flyball, 78M)
Batting: RHB José Zumaya 0-0: Ball
1-0: Called Strike
1-1: Fly out, F8 (Flyball, 8LM)
Batting: RHB David Adams 0-0: SOLO HOME RUN (Line Drive, 78XD), Distance : 396 ft
Batting: RHB Manny Herrera 0-0: Ball
1-0: Ball
2-0: Foul Ball, location: 2F
2-1: Foul Ball, location: 2F
2-2: Foul Ball, location: 2F
2-2: Ground out 6-3 (Groundball, 6)
Top of the 8th over - 1 run(s), 1 hit(s), 0 error(s), 0 left on base; Pueblo 3 - Atlantic City 2
BOTTOM OF THE 8TH
Atlantic City War Dogs batting - Pitching for Pueblo Prairie Dogs : RHP Mike Green
Batting: RHB Don Jackson 0-0: Ball
1-0: Ground out 6-3 (Groundball, 56)
Pitching: LHP John Avery
Batting: LHB Trey Fitzpatrick 0-0: Ball
1-0: Ball
2-0: Foul Ball, location: 2F
2-1: Foul Ball, location: 2F
2-2: Ball
3-2: Strikes out swinging
Batting: LHB Robert Mann 0-0: Called Strike
0-1: Ball
1-1: Ball
2-1: Foul Ball, location: 2F
2-2: Ground out 4-3 (Groundball, 34)
Bottom of the 8th over - 0 run(s), 0 hit(s), 0 error(s), 0 left on base; Pueblo 3 - Atlantic City 2
TOP OF THE 9TH
Pueblo Prairie Dogs batting - Pitching for Atlantic City War Dogs : LHP Mauro Muñíz
Pitching: LHP Anthony Blackwell
Batting: RHB Ánibal Barrios 0-0: Called Strike
0-1: Swinging Strike
0-2: Strikes out swinging
Batting: RHB Shigekazu Kaneko 0-0: Called Strike
0-1: Fly out, F8 (Flyball, 8RS)
Batting: SHB Hunter Bond 0-0: Called Strike
0-1: Ground out 5-3 (Groundball, 56)
Top of the 9th over - 0 run(s), 0 hit(s), 0 error(s), 0 left on base; Pueblo 3 - Atlantic City 2
BOTTOM OF THE 9TH
Atlantic City War Dogs batting - Pitching for Pueblo Prairie Dogs : LHP John Avery
Pitching: RHP Alonso Rivera
Pinch Hitting: LHB Ramiro Venegas 0-0: Called Strike
0-1: Called Strike
0-2: Strikes out looking
Pinch Hitting: LHB Pedro Fernández 0-0: SINGLE (Flyball, 89S)
Batting: LHB Patrick Ferguson 0-0: Called Strike
0-1: Ball
1-1: SINGLE (Groundball, 34)
Pedro Fernández to second
Runner from 2nd tries for 3rd, SAFE, throw made to third
Batting: RHB Kevin Robinson 0-0: Ball
1-0: Ground out 5-3 (Groundball, 56S)
Patrick Ferguson to second
Batting: LHB Carlos Hernández 0-0: Ball
1-0: Ball
2-0: Foul Ball, location: 2F
2-1: Ball
3-1: Base on Balls
Batting: RHB Armando Vega 0-0: Foul Ball, location: 2F
0-1: Foul Ball, location: 2F
0-2: Fielders Choice at 2nd, 6-4 (Groundball, 6)
Bottom of the 9th over - 0 run(s), 2 hit(s), 0 error(s), 2 left on base; Pueblo 3 - Atlantic City 2
Tuesday, August 8th, 2017 - OOTP Baseball 17.12 Build 75